 Dungeon Crawl Stone Soup version 0.31-a0-532-g28f74ba3e5 (webtiles) character file.

Game seed: 10180734941145158865

6920 duskshroud the Severer (level 10, 0/97 HPs)
             Began as a Minotaur Berserker on Aug 12, 2023.
             Was a High Priest of Trog.
             Slain by an orc warrior
             ... wielding a +0 halberd
              (4 damage)
             ... in a bailey.
             The game lasted 00:22:39 (8369 turns).

duskshroud the Severer (Minotaur Berserker)         Turns: 8369, Time: 00:22:40

Health: 0/97       AC: 13    Str: 22    XL:     10   Next: 80%
Magic:  9/9        EV:  7    Int:  4    God:    Trog [*****.]
Gold:   524        SH:  0    Dex: 14    Spells: 9/9 levels left

rFire   . . .        a - +0 battleaxe
rCold   . . .        (shield currently unavailable)
rNeg    . . .        k - +0 plate armour
rPois   .            (helmet restricted)
rElec   .            q - +0 cloak
rCorr   .            u - +0 pair of gloves
SInv    +            (no boots)
Will    .....        (no amulet) Stlth
                     p - ring of see invisible
HPRegen 0.36/turn    (no ring)
MPRegen 0.11/turn

%: no passive effects
@: on berserk cooldown, slowed, very slow
A: horns 2, retaliatory headbutt
a: Renounce Religion, Berserk, Trog's Hand, Brothers in Arms


You were in a bailey.
You worshipped Trog.
Trog was extremely pleased with you.
You visited 1 branch of the dungeon, and saw 9 of its levels.
You also visited: Sewer and Bailey.

You collected 618 gold pieces.
You spent 94 gold pieces at shops.

Inventory:

Hand Weapons
 a - a +0 battleaxe (weapon)
 b - a +0 antimagic orcbow
 c - a +3 dire flail
Missiles
 x - 40 poisoned darts
 A - 5 javelins
 D - a curare-tipped dart
 H - a throwing net (quivered)
Armour
 k - a +0 plate armour (worn)
 q - a +0 cloak (worn)
 s - a +2 ring mail of cold resistance
 u - a +0 pair of gloves (worn)
Jewellery
 p - a ring of see invisible (left hand)
 z - a ring of ice
Wands
 E - a wand of polymorph (14)
 I - a wand of paralysis (5)
Scrolls
 d - 7 scrolls of identify {unknown}
 e - 4 scrolls of brand weapon {unknown}
 g - 2 scrolls of poison {unknown}
 h - 4 scrolls of teleportation {unknown}
 l - 3 scrolls of immolation {unknown}
 t - 2 scrolls of enchant armour {unknown}
 w - a scroll of amnesia {unknown}
 y - 2 scrolls of enchant weapon {unknown}
 B - a scroll of vulnerability {unknown}
 F - 2 scrolls of silence {unknown}
 G - 2 scrolls of fear {unknown}
 L - a scroll of noise {unknown}
 O - 5 scrolls of fog {unknown}
Potions
 f - 3 potions of curing
 i - 3 potions of mutation {unknown}
 j - a potion of magic {unknown}
 m - a potion of berserk rage {unknown}
 n - 2 potions of haste {unknown}
 o - a potion of attraction {unknown}
 r - 3 potions of enlightenment {unknown}
 v - 2 potions of lignification {unknown}
 C - 4 potions of heal wounds {unknown}
 J - a potion of resistance {unknown}
 K - a potion of degeneration {unknown}
 M - 5 potions of might {unknown}
 N - a potion of brilliance {unknown}


   Skills:
 + Level 12.1 Fighting
 * Level 16.1 Axes
 - Level 2.4 Armour
 - Level 2.1 Dodging


You had 9 spell levels left.
You didn't know any spells.
Your spell library was empty.

Dungeon Overview and Level Annotations

Branches:
Dungeon (9/15)             Temple (0/1) D:7           Sewer (visited)
 Bailey (1/1)
   Lair: D:8-11         Orc: D:9-12

Altars:
Ashenzari
Okawaru
Qazlal
Ru
Uskayaw

Shops:
D:3 :*   D:9 *

Annotations:
D:8 2 transporters


Innate Abilities, Weirdness & Mutations

You have a pair of horns on your head.
You reflexively headbutt those who attack you in melee.


Message History

The orc warrior hits you with a +0 halberd.
* * * LOW HITPOINT WARNING * * *
The orc warrior hits you from afar with a +0 halberd.
* * * LOW HITPOINT WARNING * * *
You closely miss the orc warrior.
The orc warrior is heavily wounded.
You hit the orc warrior.
The orc warrior is heavily wounded.
The orc warrior hits you with a +0 halberd.
* * * LOW HITPOINT WARNING * * *
The orc warrior hits you from afar with a +0 halberd.
* * * LOW HITPOINT WARNING * * *
You slash the orc warrior! Your headbutt misses the orc warrior.
The orc warrior is almost dead.
You barely miss the orc warrior.
The orc warrior is almost dead.
The orc warrior hits you from afar with a +0 halberd.
* * * LOW HITPOINT WARNING * * *
The orc warrior hits you with a +0 halberd!
* * * LOW HITPOINT WARNING * * *
The orc warrior hits you but does no damage.
Things that are here:
a +0 halberd; a +0 scale mail; an orc corpse You feel a strong urge to attack something.
You are no longer berserk.
You are exhausted.
You feel yourself slow down.
Things that are here:
a +0 trident; a +0 chain mail The orc warrior hits you but does no damage.
It was a potion of curing.
You feel better. The orc warrior barely misses you. x2
You feel better.
The orc warrior hits you from afar with a +0 halberd!
* * * LOW HITPOINT WARNING * * *
The orc warrior hits you from afar with a +0 halberd!
* * * LOW HITPOINT WARNING * * *
The orc warrior hits you but does no damage.
The orc warrior barely misses you.
The orc warrior hits you from afar with a +0 halberd.
You die...

#.......⌠##########
#....#####.....))))
#...##....≈≈≈≈≈≈≈≈≈
#...#.⌠.≈≈≈.....).≈
#...#..≈≈).≈≈≈≈≈≈≈.
#..⌠#.≈≈)≈≈≈.....≈≈
#.)##.≈)≈≈))≈≈≈≈≈..
#..#.≈≈)≈)≈≈≈...≈≈≈
+.@#.≈.≈≈.≈..⌠.⌠..≈
+..#.≈....≈..∩∩∩...
+oo#.≈.≈≈.≈..⌠.⌠..≈
#..#.≈≈.≈.≈≈≈...≈≈≈
#.)##.≈.≈≈..≈≈≈≈≈..
#..⌠#.≈≈.≈≈≈.....≈≈
#...#..≈≈..≈≈≈≈≈≈≈.
#...#.⌠.≈≈≈.......≈
#..)##....≈≈≈≈≈≈≈≈≈


You could see 2 orc warriors.

Vanquished Creatures
  2 two-headed ogres (D:8)
  Maggie (D:6)
  A hornet (D:9)
  Grinder (Sewer)
  Sigmund (D:2)
  4 yaks (D:6)
  A steam dragon (D:9)
  A water moccasin (D:7)
  2 black bears
  2 ice beasts (D:5)
  5 orc warriors
  2 sky beasts (D:7)
  An ogre (D:6)
  6 centaurs
  A phantom (D:5)
  4 kobold brigands
  Blork the orc (D:5)
  A scorpion (D:4)
  2 bullfrogs (D:8)
  2 gnoll sergeants
  14 wights
  2 howler monkeys
  A quasit (Sewer)
  3 gnoll boudas
  4 hounds
  A jelly (D:5)
  Crazy Yiuf (D:3)
  An orc priest (D:6)
  3 iguanas
  7 orc wizards
  19 gnolls
  4 adders
  2 river rats (D:5)
  5 shadow imps
  2 ufetubi
  An adder zombie (Sewer)
  4 worms
  2 dart slugs (D:3)
  45 orcs
  7 bats
  7 endoplasms
  6 giant cockroaches
  8 hobgoblins
  3 quokkas
  7 ball pythons
  5 frilled lizards
  8 goblins
  24 kobolds
  A kobold zombie (Sewer)
  9 rats
247 creatures vanquished.

Vanquished Creatures (others)
  An endoplasm (Sewer)
1 creature vanquished.

Grand Total: 248 creatures vanquished

Notes
Turn   | Place    | Note
-------+----------+-------------------------------------------
     0 | D:1      | duskshroud the Minotaur Berserker began the quest for the
                  | Orb.
     0 | D:1      | Reached XP level 1. HP: 19/19 MP: 0/0
   220 | D:1      | Reached skill level 4 in Axes
   343 | D:1      | Reached XP level 2. HP: 27/27 MP: 1/1
   904 | D:2      | Reached XP level 3. HP: 27/33 MP: 2/2
   997 | D:2      | Reached skill level 5 in Axes
  1009 | D:2      | Reached XP level 4. HP: 37/41 MP: 3/3
  1046 | D:2      | Reached ** piety under Trog
  1623 | D:2      | Noticed Sigmund
  1635 | D:2      | Killed Sigmund
  1636 | D:2      | Reached skill level 5 in Fighting
  1636 | D:2      | Reached skill level 6 in Axes
  1636 | D:2      | Reached XP level 5. HP: 48/48 MP: 4/4
  1689 | D:2      | Found a faded altar of an unknown god.
  1797 | D:3      | Found a broken altar of Ashenzari.
  2188 | D:3      | Found Gidulyol's Book Boutique.
  2291 | D:3      | Found a runed translucent door.
  2292 | D:3      | Noticed Crazy Yiuf
  2299 | D:3      | Killed Crazy Yiuf
  2300 | D:3      | Reached skill level 7 in Axes
  2300 | D:3      | Reached XP level 6. HP: 56/56 MP: 5/5
  2490 | D:3      | Found Kixkopif's General Store.
  2929 | D:4      | Found an iron altar of Okawaru.
  2987 | D:4      | Reached skill level 8 in Axes
  3108 | D:4      | Found a sacrificial altar of Ru.
  3773 | D:5      | Entered Level 5 of the Dungeon
  3808 | D:5      | Reached XP level 7. HP: 63/63 MP: 6/6
  3865 | D:5      | Noticed Blork the orc
  3869 | D:5      | Reached *** piety under Trog
  3870 | D:5      | Reached skill level 9 in Axes
  3873 | D:5      | Killed Blork the orc
  4138 | D:5      | Reached XP level 8. HP: 35/73 MP: 7/7
  4143 | D:5      | Reached skill level 10 in Axes
  4456 | D:5      | Found a glowing drain.
  4467 | Sewer    | Entered a sewer
  4582 | Sewer    | Found a burning altar of Makhleb.
  4701 | Sewer    | Noticed Grinder
  4716 | Sewer    | Killed Grinder
  4717 | Sewer    | Reached skill level 11 in Axes
  5192 | D:6      | Reached **** piety under Trog
  5197 | D:6      | Reached XP level 9. HP: 51/82 MP: 8/8
  5200 | D:6      | Reached skill level 12 in Axes
  5401 | D:6      | Noticed Maggie
  5417 | D:6      | Killed Maggie
  5759 | D:6      | Reached skill level 13 in Axes
  5763 | D:6      | Reached skill level 10 in Fighting
  6310 | D:7      | Reached skill level 14 in Axes
  6346 | D:7      | Found a staircase to the Ecumenical Temple.
  7011 | D:8      | Reached XP level 10. HP: 78/92 MP: 9/9
  7039 | D:8      | Noticed a two-headed ogre
  7045 | D:8      | Killed a two-headed ogre
  7129 | D:8      | Found a transporter.
  7131 | D:8      | Noticed a two-headed ogre
  7140 | D:8      | Killed a two-headed ogre
  7141 | D:8      | Reached skill level 15 in Axes
  7296 | D:8      | Found a transporter.
  7728 | D:9      | Found a stormy altar of Qazlal.
  7730 | D:9      | Found a hide-covered altar of Uskayaw.
  7827 | D:9      | Found Koaty's Assorted Antiques.
  7834 | D:9      | Bought a brown potion for 18 gold pieces
  7834 | D:9      | Bought a scroll labelled OGAMAJ QYZUWKE for 20 gold pieces
  7834 | D:9      | Bought a fuming sapphire potion for 18 gold pieces
  7834 | D:9      | Bought a scroll labelled FOOCHIWAAS for 20 gold pieces
  7834 | D:9      | Bought a fuming golden potion for 18 gold pieces
  7924 | D:9      | Paralysed by a hornet for 1 turns
  7948 | D:9      | Reached ***** piety under Trog
  7949 | D:9      | Found a flagged portal.
  7966 | Bailey   | Entered a bailey
  8133 | Bailey   | Reached skill level 16 in Axes
  8358 | Bailey   | HP: 1/145 [orc warrior/+0 halberd (9)]
  8367 | Bailey   | HP: 3/97 [orc warrior/+0 halberd (11)]
  8369 | Bailey   | Slain by an orc warrior

Illustrated notes

Levels and vault maps discovered:
D:1:      psy_arrival_wood_between_worlds, layout_basic, nrook_mini_vaults,
          minmay_quantized
D:2:      layout_basic, hellmonk_ecumenical_altar_prayer_group, uniq_sigmund
D:3:      layout_loops_ring, ashenzari_altar_1, serial_shops,
          nicolae_shop_peninsula, nicolae_book_shop_shelving,
          kennysheep_generic_room_6, uniq_crazy_yiuf_cottage
D:4:      layout_layer_cave, mainiacjoe_overflow_catch_the_wave
D:5:      layout_basic, portal_sewer_entry_a, uniq_blork_the_orc
D:6:      layout_cave_pods, uniq_maggie
D:7:      layout_basic, temple_statues
D:8:      gammafunk_wand_slinger, layout_loops_ring, minmay_increasing_density
D:9:      layout_small_grid, nicolae_overflow_hidden_temple, erik_lair_dragon,
          enter_bailey_4, serial_shops, nicolae_shop_statue_plus
Bailey:   bailey_polearm_flooded_kennysheep, bailey

Skill      XL: |  1  2  3  4  5  6  7  8  9 10 |
---------------+-------------------------------+-----
Axes           | 4 5 6 7 8 9 11 14 16 | 16.1
Fighting       | 4 5 6 7 9 10 12 | 12.1
Armour         | |  2.4
Dodging        | |  2.1

Action                     |  1- 3 |  4- 6 |  7- 9 | 10-12 || total
---------------------------+-------+-------+-------+-------++-------
  Melee: Hand axe          |    58 |    60 |       |       ||   118
         Headbutt          |     9 |    14 |    30 |    23 ||    76
         Punch             |       |     2 |       |       ||     2
         Battleaxe         |       |    60 |   210 |   143 ||   413
   Fire: Orcbow            |       |       |       |    11 ||    11
 Invoke: Berserk           |     1 |     2 |     3 |     3 ||     9
         Trog's Hand       |       |       |     4 |     3 ||     7
    Use: Potion            |       |       |       |     2 ||     2
 Armour: Animal skin       |    13 |       |       |       ||    13
         Plate armour      |     4 |    89 |   139 |   106 ||   338
  Dodge: Dodged            |    31 |    25 |    82 |    85 ||   223

Table legend: (Time is in decaauts)
 A = Elapsed time spent in this place.
 B = Non-inter-level travel time spent in this place.
 C = Inter-level travel time spent in this place.
 D = Time resting spent in this place.
 E = Time spent auto-exploring this place.
 F = Levels seen in this place.
 G = Mean time per level.
                   A        B        C        D        E       F      G
               +--------+--------+--------+--------+--------+-----+--------+
         Total |   8504 |   8230 |    274 |   1002 |   5491 |  11 |  773.1 |
       Dungeon |   7691 |   7417 |    274 |    789 |   5380 |   9 |  854.6 |
         Sewer |    406 |    406 |      0 |     83 |     49 |   1 |  406.0 |
        Bailey |    407 |    407 |      0 |    130 |     62 |   1 |  407.0 |
               +--------+--------+--------+--------+--------+-----+--------+

Top non-repeatable levels by time:
     D:4: 1352 daAuts
     D:6: 991 daAuts
     D:1: 944 daAuts
     D:3: 901 daAuts
     D:5: 826 daAuts
     D:7: 801 daAuts
     D:2: 793 daAuts
     D:8: 713 daAuts
  Bailey: 407 daAuts
   Sewer: 406 daAuts
     D:9: 365 daAuts
